[Event "Titled Tuesday Blitz May 16 Late 2023"]
[White "Schnaider, Ilan"]
[Black "Harish, Neeraj"]
[WhiteFideId "169013"]
[BlackFideId "30958130"]
[WhiteElo "2224"]
[BlackElo "1879"]
[Result "1-0"]
[Round "04"]
[TimeControl "180+2"]
[Date "2023.05.16"]
[WhiteClock "0:01:19"]
[BlackClock "0:00:11"]

1. e4 c5 2. Nf3 Nc6 3. Bb5 g6 4. O-O Bg7 5. Re1 e5 6. c3 Nge7 7. d4 cxd4 8. cxd4 exd4 9. Bf4 a6 10. Bc4 O-O 11. Bd6 b5 12. Bb3 Bb7 13. Nbd2 Re8 14. Ng5 Rf8 15. Qf3 Qe8 16. e5 h6 17. Nge4 Qd8 18. Nf6+ Kh8 19. Nde4 Nf5 20. Bxf8 Qxf8 21. Qf4 Nce7 22. Nd6 Nxd6 23. exd6 Nf5 24. Nxd7 Qxd6 25. Qxd6 Nxd6 26. Ne5 Bf6 27. Nxf7+ Nxf7 28. Bxf7 Kg7 29. Bb3 d3 30. Rad1 Rd8 31. Re3 d2 32. Re2 Bg5 33. f4 Bxf4 34. Re7+ Kf6 35. Rxb7 Be3+ 36. Kf1 Rc8 37. Rf7+ Ke5 38. Re7+ Kd4 39. Ke2 Bg5 40. Rd7+ Kc5 41. R7xd2 Re8+ 42. Kf2 Bxd2 43. Rxd2 Rf8+ 44. Ke1 a5 45. a4 bxa4 46. Bxa4 Kb4 47. b3 Kc3 48. Re2 g5 49. g3 h5 50. Re5 h4 51. Rxg5 hxg3 52. Rxg3+ Kb4 53. h4 Rh8 54. Rh3 Kc5 55. h5 Rh6 56. Kf2 Kd4 57. Kf3 Ke5 58. Kg4 Kf6 59. Rf3+ Ke5 60. Kg5 Rh8 61. h6 Rg8+ 62. Kh5 Rg1 63. Rh3 Rg8 64. h7 Rh8 65. Kg6 1-0


[Site "https://www.chess.com"]

[Event "Titled Tuesday Blitz May 16 Late 2023"]
[White "Krasteva, Beloslava"]
[Black "Manukyan, Sargis A."]
[WhiteFideId "2922029"]
[BlackFideId "13303970"]
[WhiteElo "2187"]
[BlackElo "2187"]
[Result "0-1"]
[Round "04"]
[TimeControl "180+2"]
[Date "2023.05.16"]
[WhiteClock "0:00:00"]
[BlackClock "0:00:40"]

1. c4 Nf6 2. d4 e6 3. Nf3 d5 4. Bg5 Be7 5. Nc3 O-O 6. e3 h6 7. Bxf6 Bxf6 8. Ne5 Nd7 9. f4 Nxe5 10. fxe5 Bh4+ 11. g3 Bg5 12. Qd2 dxc4 13. h4 Be7 14. O-O-O c5 15. Bxc4 cxd4 16. exd4 Qc7 17. Bd3 Bd7 18. g4 b5 19. Kb1 Bc6 20. Rh3 f6 21. exf6 Bxf6 22. Qe3 e5 23. d5 b4 24. dxc6 bxc3 25. g5 Be7 26. Bc4+ Kh8 27. gxh6 Bf6 28. hxg7+ Bxg7 29. Qg5 Qxc6 30. Rg1 c2+ 31. Ka1 Qh6 32. Qxh6+ Bxh6 33. Rc3 c1=Q+ 34. Rcxc1 Bxc1 35. Rxc1 Rac8 36. b3 e4 37. Re1 Rce8 38. Kb2 Rf4 39. h5 Rh4 40. Re3 Rxh5 41. Bf7 Rh2+ 42. Kc3 Re7 43. Bg6 Rxa2 44. Bxe4 Rh2 45. Kd4 Rh4 46. Kd5 Rh5+ 47. Kd4 Rd7+ 48. Kc3 Rc7+ 49. Kb2 Re7 50. Kc3 Rg5 51. Kd3 Kg7 52. Kc3 Rc7+ 53. Kd3 Re7 54. Kc3 Rg4 55. Kd3 Kf8 56. Re2 Rf4 57. Re3 Rf6 58. Rf3 Rxf3+ 59. Bxf3 Ke8 60. Kc3 Kd8 61. Bd5 Kc7 62. Bc4 Kb6 63. Bd3 Rg7 64. Bc4 Rg5 65. Bd3 Kc5 66. Bc4 Rg3+ 67. Bd3 a5 68. Kc2 Kd4 0-1


[Site "https://www.chess.com"]

[Event "Titled Tuesday Blitz May 16 Late 2023"]
[White "Novik, Maxim"]
[Black "Kev4444444444"]
[WhiteFideId "4102924"]
[WhiteElo "2287"]
[BlackElo "2141"]
[Result "0-1"]
[Round "04"]
[TimeControl "180+2"]
[Date "2023.05.16"]
[WhiteClock "0:00:00"]
[BlackClock "0:00:10"]

1. d4 d5 2. c4 e6 3. Nc3 Nf6 4. cxd5 exd5 5. Bg5 c6 6. e3 Be7 7. Bd3 Nbd7 8. Qc2 h6 9. Bh4 Nh5 10. Bxe7 Qxe7 11. Nge2 Nb6 12. O-O-O Bd7 13. Kb1 O-O-O 14. Na4 Nxa4 15. Qxa4 Kb8 16. Rc1 c5 17. Qa3 Rc8 18. dxc5 Qf6 19. Rhf1 Qe5 20. h3 Nf6 21. Nd4 Ne4 22. Bxe4 Qxe4+ 23. Ka1 Qxg2 24. b4 Qxh3 25. b5 Rhe8 26. c6 bxc6 27. bxc6 Bxc6 28. Qd6+ Ka8 29. Rh1 Qg2 30. Rhg1 Qxf2 31. Rgd1 Qf6 32. Qb4 Bb7 33. Rxc8+ Rxc8 34. Qb2 Qe5 35. Qd2 Qd6 36. Rb1 Qc5 37. Rb3 Qc1+ 38. Qxc1 Rxc1+ 39. Kb2 Rg1 40. Nb5 Kb8 41. Nd6 Kc7 42. Nxb7 g5 43. Nc5 Kd6 44. Nd3 Rg2+ 45. Kc3 h5 46. Rb8 h4 47. Rh8 Rxa2 48. Rh6+ Ke7 49. Kd4 Ra4+ 50. Kxd5 Ra3 51. Ke4 Ra2 52. Ne5 Rg2 53. Kf5 a5 54. e4 a4 55. Ra6 h3 56. Ra7+ Kd6 57. Nxf7+ Kc5 58. Ra5+ Kb4 59. Ra6 h2 60. Rh6 a3 61. Ne5 a2 62. Nd3+ Kc3 63. Ne1 a1=Q 64. Nxg2 h1=Q 65. Rxh1 Qxh1 66. Ne3 Qf3+ 67. Kxg5 Qxe3+ 68. Kf5 Kd4 69. e5 Qxe5+ 0-1


[Site "https://www.chess.com"]

[Event "Titled Tuesday Blitz May 16 Late 2023"]
[White "Ismayil, Malak"]
[Black "Baskakov, Egor"]
[WhiteFideId "13412604"]
[BlackFideId "24197866"]
[WhiteElo "1868"]
[BlackElo "2225"]
[Result "0-1"]
[Round "04"]
[TimeControl "180+2"]
[Date "2023.05.16"]
[WhiteClock "0:00:04"]
[BlackClock "0:00:10"]

1. e4 c5 2. Nf3 Nf6 3. Nc3 d5 4. Bb5+ Bd7 5. Bxd7+ Qxd7 6. exd5 Nxd5 7. O-O Nc6 8. d4 cxd4 9. Nxd4 Nxc3 10. bxc3 e5 11. Re1 O-O-O 12. Bg5 f6 13. Nxc6 Qxc6 14. Qg4+ Kb8 15. Be3 g6 16. Rab1 Bc5 17. Qc4 Rc8 18. Bxc5 Qxc5 19. Qf7 Rc7 20. Qxf6 Re8 21. Qf3 b6 22. Re3 Qc4 23. Rbe1 Qxa2 24. h3 Qa5 25. Qf6 Rce7 26. Qd6+ Kb7 27. f4 e4 28. Qd4 Qf5 29. Rf1 Rd7 30. Qa4 Ree7 31. Rf2 a5 32. Kh2 h5 33. h4 Qg4 34. g3 Qf5 35. Rfe2 Rd1 36. Rxe4 Rxe4 37. Qxe4+ Qxe4 38. Rxe4 Rd2+ 39. Kh3 Rxc2 40. Rc4 b5 41. Rc5 Kb6 42. Rg5 Rxc3 43. Rxg6+ Kb7 44. Rg5 Rb3 45. f5 Rf3 46. f6 Kb6 47. Rg6 Kc5 48. Kg2 Rf5 49. Rg5 Rxg5 50. hxg5 Kd6 51. g6 Ke6 52. g7 Kf7 53. Kf3 a4 54. Kf4 a3 55. Kg5 a2 56. Kh6 a1=Q 57. Kh7 Qb1+ 58. Kh8 Qg6 59. g4 Qh6# 0-1


[Site "https://www.chess.com"]

[Event "Titled Tuesday Blitz May 16 Late 2023"]
[White "Samsonkin, Artiom"]
[Black "Ollier, Pablo"]
[WhiteFideId "13503111"]
[BlackFideId "652318"]
[WhiteElo "2524"]
[BlackElo "2500"]
[Result "1-0"]
[Round "04"]
[TimeControl "180+2"]
[Date "2023.05.16"]
[WhiteClock "0:00:07"]
[BlackClock "0:00:00"]

1. d4 Nf6 2. Nf3 e6 3. Bf4 c5 4. e3 Be7 5. Nbd2 Nh5 6. Be5 d6 7. Bg3 cxd4 8. exd4 Nd7 9. c3 b6 10. Bb5 Nxg3 11. hxg3 Bb7 12. Qe2 a6 13. Bd3 h6 14. g4 Rf8 15. O-O-O Qc7 16. Kb1 b5 17. c4 b4 18. Be4 a5 19. Rhe1 O-O-O 20. Bxb7+ Qxb7 21. d5 e5 22. Ne4 Kb8 23. Qe3 Rc8 24. Rc1 Nc5 25. Nxc5 Rxc5 26. Nd2 Rfc8 27. f4 Bf6 28. Qd3 Qc7 29. b3 exf4 30. Ne4 Be5 31. Re2 f6 32. Rd1 Kb7 33. Kc2 Ra8 34. a3 Kb8 35. Kb1 Qb6 36. Ka2 Ra7 37. Nxc5 Qxc5 38. a4 Re7 39. Qh7 Qc7 40. Qf5 Kb7 41. c5 Qxc5 42. Rc2 1-0


[Site "https://www.chess.com"]

[Event "Titled Tuesday Blitz May 16 Late 2023"]
[White "cristianserban1"]
[Black "Martinez Alcantara, Jose Eduardo"]
[BlackFideId "3805662"]
[WhiteElo "2519"]
[BlackElo "2711"]
[Result "0-1"]
[Round "04"]
[TimeControl "180+2"]
[Date "2023.05.16"]
[WhiteClock "0:00:01"]
[BlackClock "0:00:55"]

1. d4 Nf6 2. Bf4 b6 3. e3 Bb7 4. Nf3 e6 5. Be2 d6 6. O-O Nbd7 7. Nbd2 Be7 8. h3 h6 9. c4 g5 10. Bg3 Rg8 11. Nh2 h5 12. Bxh5 Nxh5 13. Qxh5 Nf6 14. Qe2 Qd7 15. b4 Rh8 16. f3 a5 17. a3 Nh5 18. Bf2 f5 19. Rfc1 Kf7 20. c5 axb4 21. axb4 Rxa1 22. Rxa1 bxc5 23. bxc5 dxc5 24. Nc4 Bf6 25. Ra7 Rb8 26. dxc5 Kg6 27. Nf1 Qd5 28. Ra5 Bc6 29. Nfd2 Qd7 30. e4 Nf4 31. Qe3 Kg7 32. Ra3 Rd8 33. e5 Be7 34. Nd6 Rb8 35. Ra7 Kg8 36. Bg3 Nd5 37. Qa3 Bf8 38. N6c4 Bb5 39. Bf2 Nf4 40. Be3 Bxc4 41. Bxf4 gxf4 42. Nxc4 Qd4+ 43. Kh2 Rb1 44. Ra8 Qg1# 0-1


[Site "https://www.chess.com"]

[Event "Titled Tuesday Blitz May 16 Late 2023"]
[White "Papasimakopoulos, Alexandros"]
[Black "Ljukin, Sergei"]
[WhiteFideId "4244125"]
[BlackFideId "14102200"]
[WhiteElo "2359"]
[BlackElo "2312"]
[Result "1-0"]
[Round "04"]
[TimeControl "180+2"]
[Date "2023.05.16"]
[WhiteClock "0:00:05"]
[BlackClock "0:00:00"]

1. d4 d5 2. c4 c6 3. cxd5 cxd5 4. Bf4 Nf6 5. Nc3 Nc6 6. e3 Bf5 7. Qb3 Na5 8. Qa4+ Bd7 9. Qc2 e6 10. Nf3 Ne4 11. Bd3 f5 12. O-O Rc8 13. Ne5 Bb4 14. Qe2 O-O 15. Nb1 Nc6 16. f3 Nf6 17. a3 Ba5 18. b4 Bc7 19. Nxc6 Bxc6 20. Bxc7 Qxc7 21. Nd2 Ba4 22. e4 Qb6 23. exf5 Qxd4+ 24. Kh1 e5 25. Rac1 a6 26. Rfe1 Kh8 27. Nf1 e4 28. Rxc8 Rxc8 29. fxe4 dxe4 30. Bb1 h5 31. Ng3 Ng4 32. Nxe4 Re8 33. h3 Rxe4 34. Bxe4 Nf2+ 35. Kh2 Be8 36. Qe3 Qe5+ 37. Kg1 Bc6 38. Bxc6 1-0


[Site "https://www.chess.com"]

[Event "Titled Tuesday Blitz May 16 Late 2023"]
[White "Papayan, Oleg"]
[Black "Arabidze, Meri"]
[WhiteFideId "4193911"]
[BlackFideId "13604040"]
[WhiteElo "2171"]
[BlackElo "2405"]
[Result "0-1"]
[Round "04"]
[TimeControl "180+2"]
[Date "2023.05.16"]
[WhiteClock "0:00:00"]
[BlackClock "0:00:12"]

1. e4 c5 2. d4 cxd4 3. Qxd4 Nc6 4. Qd3 d6 5. Nc3 Nf6 6. Nf3 e5 7. Bg5 Be7 8. O-O-O O-O 9. Bxf6 Bxf6 10. Qxd6 Qa5 11. Rd5 Qb6 12. Qc5 Bg4 13. Qxb6 axb6 14. Be2 Nb4 15. a3 Nxd5 16. Nxd5 Bxf3 17. Bxf3 b5 18. Be2 Ra5 19. Rd1 Bg5+ 20. Kb1 h6 21. Bg4 Ra4 22. f3 Rd4 23. Rxd4 exd4 24. Bd7 g6 25. g4 Kg7 26. Ka2 Rh8 27. f4 Bd8 28. Bxb5 f6 29. Kb3 h5 30. h3 hxg4 31. hxg4 Rh2 32. Bd7 Re2 33. Bc8 b6 34. Kc4 Rxc2+ 35. Kxd4 Rxc8 36. b4 Ra8 37. e5 fxe5+ 38. fxe5 Kf7 39. e6+ Kxe6 40. Nc3 Rxa3 41. Ne4 Bf6+ 42. Kc4 Re3 43. Nd2 Rg3 44. Kb5 Rxg4 45. Nf3 Rf4 46. Ne1 g5 47. Nd3 Rd4 48. Nc1 g4 49. Ne2 Re4 50. Ng3 Re3 51. Nf1 Rf3 52. Nh2 Rf4 53. Ka6 g3 54. Nf3 Rxf3 55. b5 g2 56. Kxb6 g1=Q+ 57. Kb7 Rb3 58. Kc6 Qc1+ 59. Kb6 Qc4 0-1


[Site "https://www.chess.com"]

[Event "Titled Tuesday Blitz May 16 Late 2023"]
[White "Harshavardhan G B"]
[Black "Jimenez Almeida, Luis David"]
[WhiteFideId "25059009"]
[BlackFideId "22242244"]
[WhiteElo "2323"]
[BlackElo "2245"]
[Result "1-0"]
[Round "04"]
[TimeControl "180+2"]
[Date "2023.05.16"]
[WhiteClock "0:00:17"]
[BlackClock "0:00:00"]

1. e4 c5 2. Nf3 e6 3. g3 Nc6 4. Bg2 d5 5. exd5 exd5 6. O-O Nf6 7. d4 c4 8. Ne5 Be7 9. Bg5 O-O 10. Nc3 Be6 11. Re1 a6 12. Qd2 Rc8 13. Kh1 b5 14. a3 Ng4 15. Bxe7 Nxe7 16. Nxg4 Bxg4 17. f4 Re8 18. Re5 Be6 19. Rae1 Qd7 20. Qf2 g6 21. Nd1 a5 22. c3 b4 23. axb4 axb4 24. cxb4 Nc6 25. Nc3 Nxe5 26. fxe5 Rb8 27. b5 Red8 28. Bf3 Qe7 29. Qg2 Qb4 30. Rf1 Rxb5 31. Nxb5 Qxb5 32. h4 Qb6 33. Rd1 Qb3 34. Kh2 h5 35. Ra1 c3 36. bxc3 Qxc3 37. Rd1 Rb8 38. Rd2 Rb5 39. Qf2 Kh7 40. Rc2 Qa3 41. Ra2 Qc3 42. Kg2 Rb4 43. Rd2 Rb1 44. Bd1 Bf5 45. Bc2 Bxc2 46. Rxc2 1-0


[Site "https://www.chess.com"]

[Event "Titled Tuesday Blitz May 16 Late 2023"]
[White "Chen, Ryo"]
[Black "Petrovic, Aleksa"]
[WhiteFideId "7003072"]
[BlackFideId "967629"]
[WhiteElo "2169"]
[BlackElo "2309"]
[Result "1-0"]
[Round "04"]
[TimeControl "180+2"]
[Date "2023.05.16"]
[WhiteClock "0:00:11"]
[BlackClock "0:00:00"]

1. e4 e6 2. d4 d5 3. Nd2 Nf6 4. e5 Nfd7 5. Bd3 c5 6. c3 Nc6 7. Ne2 cxd4 8. cxd4 Qb6 9. Nf3 f6 10. exf6 Nxf6 11. O-O Bd6 12. b3 O-O 13. Bb2 Bd7 14. Ng3 Rae8 15. Re1 Re7 16. Rc1 Be8 17. a3 Bf4 18. Rc3 a6 19. b4 e5 20. dxe5 Ng4 21. Rc2 Ncxe5 22. Nxe5 Nxf2 23. Rxf2 Bxe5 24. Bxe5 Qxf2+ 25. Kh1 Ba4 26. Qc1 Rfe8 27. Rf1 Qb6 28. Bb2 Bb5 29. Bxb5 axb5 30. Rd1 Qe6 31. h3 Qg6 32. Kh2 Re3 33. Qc7 h5 34. Qf4 R3e7 35. Rxd5 Rf7 36. Qg5 Qxg5 37. Rxg5 Rf2 38. Rxg7+ Kf8 39. Bc3 Rc2 40. Rc7 Ree2 41. Nxe2 1-0


[Site "https://www.chess.com"]

[Event "Titled Tuesday Blitz May 16 Late 2023"]
[White "TimGrutter03"]
[Black "Pasti, Aron"]
[BlackFideId "785857"]
[WhiteElo "2628"]
[BlackElo "2173"]
[Result "1-0"]
[Round "04"]
[TimeControl "180+2"]
[Date "2023.05.16"]
[WhiteClock "0:01:36"]
[BlackClock "0:01:33"]

1. e4 c5 2. Nf3 e6 3. g3 Nc6 4. Bg2 Nge7 5. O-O d5 6. exd5 Nxd5 7. d4 cxd4 8. Nxd4 Bc5 9. Nxc6 bxc6 10. c4 Ne7 11. Qxd8+ Kxd8 12. Rd1+ Bd7 13. Nc3 f5 14. Bg5 Ke8 15. Na4 Bb6 16. Be3 Rb8 17. b3 Ng6 18. Rd6 Ke7 19. Rad1 Bxe3 20. Rxd7+ 1-0


[Site "https://www.chess.com"]

[Event "Titled Tuesday Blitz May 16 Late 2023"]
[White "Sai Han Thiha"]
[Black "Fishbein, Mitch"]
[WhiteFideId "13012290"]
[BlackFideId "30922917"]
[WhiteElo "1954"]
[BlackElo "1964"]
[Result "1-0"]
[Round "04"]
[TimeControl "180+2"]
[Date "2023.05.16"]
[WhiteClock "0:00:09"]
[BlackClock "0:00:15"]

1. d4 Nf6 2. Nf3 g6 3. c4 Bg7 4. Nc3 O-O 5. e4 d6 6. Be2 e5 7. Be3 exd4 8. Nxd4 c6 9. O-O Re8 10. Qc2 Qe7 11. Bf3 Nbd7 12. Nb3 Ne5 13. Be2 Be6 14. c5 d5 15. Nd4 dxe4 16. Nxe6 Qxe6 17. Nxe4 Nxe4 18. Qxe4 Rad8 19. Rad1 Qxa2 20. Rxd8 Rxd8 21. f4 Nd7 22. f5 Qd5 23. Qxd5 cxd5 24. b4 d4 25. Bg5 Re8 26. Bb5 Nf6 27. Bxf6 Re3 28. Bxg7 Kxg7 29. f6+ Kh6 30. Rd1 Re6 31. Rxd4 Rxf6 32. Rd7 a6 33. Bc4 b6 34. Rxf7 Rc6 35. Bd5 Rc8 36. c6 a5 37. c7 axb4 38. Be6 b3 39. Bxc8 b2 40. Rf1 1-0


[Site "https://www.chess.com"]

[Event "Titled Tuesday Blitz May 16 Late 2023"]
[White "cryptoguru02"]
[Black "Moral Garcia, Serafin"]
[BlackFideId "2201925"]
[WhiteElo "2611"]
[BlackElo "2274"]
[Result "1/2-1/2"]
[Round "04"]
[TimeControl "180+2"]
[Date "2023.05.16"]
[WhiteClock "0:00:33"]
[BlackClock "0:00:18"]

1. d4 Nf6 2. c4 g6 3. Nc3 d5 4. Bf4 Bg7 5. e3 O-O 6. Rc1 c5 7. dxc5 Qa5 8. Nf3 dxc4 9. Bxc4 Nc6 10. O-O Qxc5 11. Bb3 Qa5 12. h3 Rd8 13. Qe2 Bf5 14. e4 Bd7 15. e5 Nh5 16. Bh2 Bh6 17. Rcd1 Ng7 18. Rd5 Qb6 19. Na4 Qa6 20. Qxa6 bxa6 21. Nc5 Be6 22. Rxd8+ Rxd8 23. Nxe6 Nxe6 24. Bxe6 fxe6 25. g4 Nb4 26. a3 Nd3 27. Rd1 Rd5 28. Kf1 Nxb2 29. Rb1 Nc4 30. Rb7 Kf7 31. Rxa7 Ra5 32. Nd4 Rxa3 33. Nc6 Bg5 34. Bg3 Nd2+ 35. Kg2 Nf3 36. Nd8+ Ke8 37. Nxe6 Bh4 38. Nc7+ Kf7 39. e6+ Kf6 40. Rxa6 Rxa6 41. Nxa6 Bxg3 42. Kxf3 Bd6 43. Ke4 Kxe6 44. Kd4 Kf6 45. h4 h5 46. f3 Bg3 47. Ke4 Bxh4 48. Nc7 hxg4 49. fxg4 Bg3 50. Nd5+ Kg5 51. Nxe7 Kxg4 52. Nxg6 1/2-1/2


[Site "https://www.chess.com"]

[Event "Titled Tuesday Blitz May 16 Late 2023"]
[White "Kim, Sergey"]
[Black "Balague Camps, Marc"]
[WhiteFideId "13700570"]
[BlackFideId "2297914"]
[WhiteElo "2606"]
[BlackElo "2089"]
[Result "0-1"]
[Round "04"]
[TimeControl "180+2"]
[Date "2023.05.16"]
[WhiteClock "0:00:00"]
[BlackClock "0:00:30"]

1. d4 Nf6 2. c4 e6 3. Nc3 Bb4 4. Qc2 O-O 5. a3 Bxc3+ 6. Qxc3 c5 7. dxc5 Ne4 8. Qc2 Nxc5 9. b4 Nca6 10. Nf3 d5 11. e3 Nd7 12. Bd3 dxc4 13. Bxh7+ Kh8 14. Bb2 Nf6 15. Ng5 Qd5 16. f4 b5 17. Rd1 Qc6 18. Bxf6 gxf6 19. Be4 Qb6 20. Qe2 Kg7 21. Qh5 Qxe3+ 22. Kf1 Qxf4+ 23. Qf3 Qxf3+ 24. Nxf3 Rb8 25. Rd6 Nc7 26. Nd4 Ne8 27. Rd8 Nc7 28. Rd6 Rb6 29. Rxb6 axb6 30. Kf2 f5 31. Bc6 Rd8 32. Nxb5 Rd2+ 33. Ke3 Rd3+ 34. Ke2 Nd5 35. g3 Ba6 36. Kf2 Bxb5 37. Bxb5 Rd2+ 38. Kf3 c3 39. Rc1 Rd4 40. h4 Kf6 41. Bc6 Rc4 42. Bb5 Rc8 43. Bd3 e5 44. Bc2 e4+ 45. Ke2 Ke5 46. Bb3 Nf6 47. Rd1 c2 48. Rc1 Rc3 49. Ba4 Rxa3 50. Bxc2 Rxg3 51. Ba4 Nd5 52. Rc8 Nc3+ 0-1


[Site "https://www.chess.com"]

[Event "Titled Tuesday Blitz May 16 Late 2023"]
[White "Karimov, Alisher"]
[Black "Wizard_of_Odds"]
[WhiteFideId "14700280"]
[WhiteElo "2186"]
[BlackElo "2447"]
[Result "0-1"]
[Round "04"]
[TimeControl "180+2"]
[Date "2023.05.16"]
[WhiteClock "0:00:00"]
[BlackClock "0:00:08"]

1. d4 d5 2. Bf4 Nf6 3. e3 c5 4. c3 Nc6 5. Nd2 Bf5 6. Ngf3 e6 7. Ne5 Nxe5 8. Bxe5 a6 9. Nf3 Be7 10. Bd3 Bxd3 11. Qxd3 cxd4 12. exd4 O-O 13. O-O b5 14. Nd2 Qd7 15. Nb3 a5 16. Bxf6 Bxf6 17. Nc5 Qc6 18. a4 Rfb8 19. axb5 Rxb5 20. Ra2 Be7 21. Na4 Rab8 22. g3 g6 23. Rfa1 Rb3 24. Re1 Qb5 25. Qxb5 R3xb5 26. Kf1 Kf8 27. Ke2 Ke8 28. Kd3 Kd7 29. Kc2 Kc6 30. Re3 R8b7 31. Rf3 Bd6 32. h4 h5 33. Re3 Rb8 34. Kd3 Rb3 35. Re1 R8b5 36. Kc2 Bf8 37. Re3 Rb7 38. Rf3 Bd6 39. Rxf7 Rxf7 40. Kxb3 Rxf2 41. Nc5 Bxc5 42. dxc5 Kb5 43. c6 Rf7 44. Ra4 e5 45. g4 Kxc6 46. gxh5 gxh5 47. Rxa5 Rf4 48. Ra6+ Kc5 49. Ra5+ Kd6 50. Ra6+ Ke7 51. Kc2 Rxh4 52. Rh6 e4 53. b4 Rh2+ 54. Kd1 Kd7 55. b5 Kc7 56. Ke1 h4 57. Kf1 h3 0-1


[Site "https://www.chess.com"]

[Event "Titled Tuesday Blitz May 16 Late 2023"]
[White "Adan Bermudez, Sergio"]
[Black "Gatterer, Florian"]
[WhiteFideId "2292726"]
[BlackFideId "811688"]
[WhiteElo "2292"]
[BlackElo "2221"]
[Result "0-1"]
[Round "04"]
[TimeControl "180+2"]
[Date "2023.05.16"]
[WhiteClock "0:00:06"]
[BlackClock "0:00:07"]

1. c4 e6 2. Nc3 d5 3. e3 Nf6 4. Nf3 c5 5. cxd5 exd5 6. d4 Nc6 7. Bb5 cxd4 8. Nxd4 Bd7 9. O-O Bd6 10. b3 Qc7 11. Nf3 a6 12. Be2 Be6 13. Bb2 O-O 14. Rc1 Qe7 15. Nd4 Nxd4 16. Qxd4 Rac8 17. Bf3 Rfd8 18. Rfd1 Bc5 19. Qh4 Ba3 20. Bxa3 Qxa3 21. Qd4 h6 22. Qd2 b5 23. h3 Kf8 24. Ne2 Rxc1 25. Rxc1 Rc8 26. Rxc8+ Bxc8 27. Nf4 Be6 28. Nd3 Qd6 29. Qb4 Qxb4 30. Nxb4 a5 31. Nc6 a4 32. bxa4 bxa4 33. a3 Nd7 34. Nb4 Nb6 35. Be2 Ke7 36. Kf1 Kd6 37. Ke1 Kc5 38. Kd2 Nc4+ 39. Bxc4 Kxc4 40. Nc2 Kb3 41. Nd4+ Kxa3 42. Kc3 Ka2 43. f4 g6 44. Kb4 Kb2 45. g4 a3 46. Nb3 a2 0-1


[Site "https://www.chess.com"]

[Event "Titled Tuesday Blitz May 16 Late 2023"]
[White "Adla, Diego"]
[Black "D`Arruda, Ricardo D."]
[WhiteFideId "100072"]
[BlackFideId "100692"]
[WhiteElo "2377"]
[BlackElo "2407"]
[Result "0-1"]
[Round "04"]
[TimeControl "180+2"]
[Date "2023.05.16"]
[WhiteClock "0:00:15"]
[BlackClock "0:01:31"]

1. c4 Nf6 2. Nc3 e5 3. g3 Nc6 4. Bg2 Be7 5. e4 d6 6. Nge2 O-O 7. O-O Be6 8. b3 Qd7 9. d4 Bh3 10. f3 Bxg2 11. Kxg2 exd4 12. Nxd4 Rfe8 13. Be3 Ne5 14. Qd2 c6 15. Rad1 Qc7 16. Nf5 Bf8 17. Bg5 Re6 18. Ne2 h6 19. Be3 Ng6 20. Ned4 Ree8 21. h4 d5 22. exd5 cxd5 23. Rc1 Qd7 24. c5 Ne7 25. Nxe7+ Rxe7 26. Bf2 Rae8 27. b4 a6 28. a3 Re5 29. Rfe1 Rxe1 30. Rxe1 Rxe1 31. Bxe1 Qe8 32. Bf2 Qa4 33. Qc3 Qd1 34. Nf5 Ne8 35. Bd4 g6 36. Ne3 Qe2+ 37. Kh3 Qxf3 38. Ng2 Qf1 39. Kh2 Nc7 40. Qe3 Ne6 41. Be5 Qd1 42. h5 g5 43. Bf6 d4 44. Qe5 d3 45. Ne3 Qe2+ 46. Kg1 d2 0-1


[Site "https://www.chess.com"]

[Event "Titled Tuesday Blitz May 16 Late 2023"]
[White "Poltorak, Sebastian"]
[Black "Gutkin, Ilya"]
[WhiteFideId "1199498"]
[BlackFideId "16203470"]
[WhiteElo "2195"]
[BlackElo "2265"]
[Result "1-0"]
[Round "04"]
[TimeControl "180+2"]
[Date "2023.05.16"]
[WhiteClock "0:00:35"]
[BlackClock "0:00:00"]

1. e4 e6 2. d4 d5 3. Bd3 c5 4. exd5 exd5 5. Nf3 Nc6 6. O-O Nf6 7. Bg5 Be7 8. dxc5 Bxc5 9. Re1+ Be6 10. Bf5 O-O 11. Bxe6 fxe6 12. Rxe6 Qd7 13. Re2 Ng4 14. Bh4 Rae8 15. Nc3 Rxe2 16. Nxe2 Qf5 17. h3 Nf6 18. c3 Ne4 19. Ned4 Qh5 20. Bg3 Nxg3 21. fxg3 Qg6 22. Kh2 Re8 23. Nb3 Qd6 24. Nxc5 Qxc5 25. Qd2 Rd8 26. Rd1 h6 27. Nd4 Nxd4 28. Qxd4 Qxd4 29. Rxd4 Kf7 30. Kg1 Ke6 31. Kf2 Re8 32. g4 b5 33. a4 a6 34. h4 g5 35. g3 Rb8 36. Rb4 Rb6 37. Ke3 Ke5 38. h5 Rb7 39. Kd3 Rb8 40. b3 Rb6 41. Ke3 Rb7 42. c4 d4+ 43. Kd2 Rf7 44. axb5 Rf2+ 45. Ke1 1-0


[Site "https://www.chess.com"]

[Event "Titled Tuesday Blitz May 16 Late 2023"]
[White "Kalajzic, Ivan"]
[Black "Kleiman, Jake"]
[WhiteFideId "14506378"]
[BlackFideId "2020041"]
[WhiteElo "2203"]
[BlackElo "2570"]
[Result "0-1"]
[Round "04"]
[TimeControl "180+2"]
[Date "2023.05.16"]
[WhiteClock "0:02:22"]
[BlackClock "0:02:42"]

1. b3 d5 2. Bb2 Bg4 3. f3 Bh5 4. e4 e6 5. exd5 Qxd5 6. Nc3 Qd8 7. Qe2 c6 8. O-O-O Nf6 9. g4 Bg6 10. h4 h5 11. g5 Nd5 12. Nxd5 cxd5 13. Nh3 Qc7 14. Qe5 Qxc2# 0-1


[Site "https://www.chess.com"]

[Event "Titled Tuesday Blitz May 16 Late 2023"]
[White "Silvestre, Christian"]
[Black "Bernabeu Lopez, Carlos Javier"]
[WhiteFideId "30956269"]
[BlackFideId "2235366"]
[WhiteElo "2328"]
[BlackElo "2344"]
[Result "1-0"]
[Round "04"]
[TimeControl "180+2"]
[Date "2023.05.16"]
[WhiteClock "0:00:23"]
[BlackClock "0:02:01"]

1. c4 Nf6 2. Nf3 g6 3. Nc3 Bg7 4. b3 O-O 5. Bb2 c5 6. e3 Nc6 7. Be2 d6 8. O-O a6 9. d4 b6 10. d5 Na5 11. Qc2 Rb8 12. e4 Bg4 13. e5 Nd7 14. e6 Bxf3 15. exf7+ Rxf7 16. Bxf3 Ne5 17. Be2 Qd7 18. h3 Rbf8 19. Ne4 b5 20. Ng5 bxc4 21. bxc4 Qf5 22. Qxf5 Rxf5 23. Ne6 Rb8 24. Nxg7 Rxb2 25. Nxf5 gxf5 26. Rfe1 Kf8 27. Rac1 Rxa2 28. Ra1 Rxa1 29. Rxa1 Naxc4 30. f4 Ne3 31. fxe5 dxe5 32. Rc1 Nxd5 33. Rxc5 Nf4 34. Rxe5 e6 35. Bxa6 Kf7 36. Bc4 Kf6 37. Ra5 h5 38. Ra6 h4 39. Kf2 Ke5 40. Kf3 Nh5 41. Bxe6 Ng3 42. Bb3 Nf1 43. Bd1 Nd2+ 44. Kf2 Ne4+ 45. Kg1 Nc3 46. Bf3 Nb1 47. Rh6 Kf4 48. Rxh4+ Kg3 49. Rh5 Nd2 50. Rxf5 Nc4 51. Rg5+ Kh4 52. Rg4+ Kh5 53. Rxc4+ Kg5 54. Kf2 1-0


[Site "https://www.chess.com"]

[Event "Titled Tuesday Blitz May 16 Late 2023"]
[White "mohsengabr2002"]
[Black "Karttunen, Mika"]
[BlackFideId "502081"]
[WhiteElo "2369"]
[BlackElo "2396"]
[Result "0-1"]
[Round "04"]
[TimeControl "180+2"]
[Date "2023.05.16"]
[WhiteClock "0:01:05"]
[BlackClock "0:00:14"]

1. e4 c5 2. d3 Nf6 3. Nd2 d5 4. g3 Nc6 5. Bg2 e5 6. Ngf3 d4 7. O-O Be7 8. a4 O-O 9. Nc4 Nd7 10. Ne1 Nb6 11. b3 Nxc4 12. bxc4 Kh8 13. f4 f5 14. fxe5 Nxe5 15. exf5 Rxf5 16. Rxf5 Bxf5 17. Bxb7 Rb8 18. Bg2 Bg5 19. Nf3 Bxc1 20. Nxe5 Be3+ 21. Kh1 Qf6 22. Nc6 Rf8 23. Qf3 a6 24. Rf1 Bd7 25. Qd5 Qxf1+ 26. Bxf1 Rxf1+ 27. Kg2 Rf2+ 28. Kg1 Rf5+ 29. Kg2 Rxd5 30. cxd5 Kg8 31. Kf3 Kf7 32. Ke4 Bxc6 33. dxc6 Ke6 34. c4 Kd6 35. c7 Kxc7 36. Kd5 Bg1 37. h3 Bh2 38. g4 Bd6 39. a5 Kd7 40. g5 Be7 41. h4 Bd6 42. h5 g6 43. hxg6 hxg6 44. Ke4 Ke6 0-1


[Site "https://www.chess.com"]

[Event "Titled Tuesday Blitz May 16 Late 2023"]
[White "Romkachess"]
[Black "Mikayel99"]
[WhiteElo "2553"]
[BlackElo "2322"]
[Result "1-0"]
[Round "04"]
[TimeControl "180+2"]
[Date "2023.05.16"]
[WhiteClock "0:00:17"]
[BlackClock "0:00:42"]

1. e4 c5 2. Nf3 d6 3. d4 cxd4 4. Nxd4 Nf6 5. Nc3 a6 6. h3 e5 7. Nde2 h5 8. Bg5 Be6 9. Bxf6 gxf6 10. g3 Nc6 11. Bg2 Qb6 12. O-O O-O-O 13. Nd5 Bxd5 14. exd5 Ne7 15. c4 h4 16. g4 f5 17. b4 fxg4 18. c5 dxc5 19. bxc5 Qg6 20. Kh1 gxh3 21. Bxh3+ Kb8 22. d6 Nf5 23. Rb1 Ng3+ 24. fxg3 hxg3 25. Rxb7+ Kxb7 26. Qd5+ Ka7 27. Rxf7+ Qxf7 28. Qxf7+ Kb8 29. Kg2 Bxd6 30. cxd6 Rxd6 31. Qb3+ Ka7 32. Qe3+ Ka8 33. Qxe5 Rhd8 34. Bg4 Ka7 35. Qe3+ Kb8 36. Bf3 Rd2 37. Qb6+ Kc8 38. Qb7# 1-0


[Site "https://www.chess.com"]